 Dungeon Crawl Stone Soup version 0.27-a0-46-g34d46f0a3f (webtiles) character file.

Game seed: 390458976274515659

84 dickylongcocking the Stinger (level 4, -10/27 HPs)
             Began as an Octopode Venom Mage on Jan 7, 2021.
             Mangled by a gnoll
             ... wielding a +0 halberd
              (14 damage)
             ... on level 2 of the Dungeon.
             The game lasted 00:03:10 (3188 turns).

dickylongcocking the Stinger (Octopode Venom Mage)  Turns: 3188, Time: 00:03:11

Health: -10/27     AC:  1    Str:  7    XL:     4   Next: 45%
Magic:  8/8        EV: 13    Int: 18    God:
Gold:   120        SH:  0    Dex: 12    Spells: 2/8 levels left

rFire    . . .     SeeInvis .   e - -1 short sword (curse)
rCold    . . .     Faith    .   (no shield)
rNeg     . . .     Spirit   .   (helmet restricted)
rPois    .         Reflect  .   (no amulet)
rElec    .         Harm     .   (no ring)
rCorr    .         Rampage  .   (no ring)
Will     .....                  (no ring)
Stlth    +++.......             (no ring)
HPRegen  0.09/turn              (no ring)
MPRegen  0.11/turn              (no ring)
                                (no ring)
                                (no ring)

@: no status effects
A: almost no armour, stealthy swim, amphibious, 8 rings, constrict 8, camouflage
1, gelatinous body 1
a: no special abilities


You were on level 2 of the Dungeon.
You visited 1 branch of the dungeon, and saw 3 of its levels.

You collected 120 gold pieces.

Inventory:

Hand Weapons
 a - a +0 dagger
 e - a cursed -1 short sword (weapon)
 h - a +3 dagger of electrocution
Armour
 d - a +0 kite shield
Scrolls
 b - 2 scrolls of teleportation
Potions
 c - a potion of haste
 f - a potion of brilliance {unknown}
 j - 2 potions of ambrosia {unknown}
 k - a potion of heal wounds {unknown}


   Skills:
 * Level 0.9 Short Blades
 - Level 2.0 Dodging
 - Level 3.0 Stealth
 * Level 2.6 Spellcasting
 - Level 1.0 Transmutations
 * Level 5.2 Poison Magic


You had 2 spell levels left.
You knew the following spells:

 Your Spells              Type           Power        Failure   Level
a - Sting                 Tmut/Pois      52%          4%          1
i - Ignite Poison         Fire/Tmut/Pois 10%          22%         3
p - Poisonous Vapours     Pois/Air       22%          9%          2

Your spell library contained the following spells:

 Spells                   Type           Power        Failure   Level
 Olgreb's Toxic Radiance  Pois           21%          19%         4
 Mephitic Cloud           Conj/Pois/Air  8%           24%         3


Dungeon Overview and Level Annotations

Branches:
Dungeon (3/15)

Altars:
Wu Jian
Zin


Innate Abilities, Weirdness & Mutations

You cannot wear most types of armour.
You are very stealthy in the water. (Stealth+)
You are amphibious.
You can wear up to eight rings at the same time.
You can use your tentacles to constrict eight enemies at once.
Your skin changes colour to match your surroundings (Stealth+).
Your rubbery body absorbs attacks. (AC +1, EV +1)


Message History

You puncture the leopard gecko!
You kill the leopard gecko!
Found 26 arrows.
You see here 26 arrows.
There is a stone staircase leading down here.
A gnoll is nearby!
The gnoll shouts!
You hear a shout!
There are monsters nearby!
A gnoll comes into view. It is wielding a -3 spear.
The gnoll hits you from afar with a +0 halberd!
Ouch! That really hurt!
There are monsters nearby!
You are too injured to fight recklessly!
The gnoll hits you with a +0 halberd!
* * * LOW HITPOINT WARNING * * *
Unknown command.
The gnoll shouts!
The gnoll hits you from afar with a +0 halberd!
Ouch! That really hurt!
You die...

#.............######...#.......
#>............#....#...#....##.
######'###'#...........#....##.
####.# #.#.......#####.......
#....# #.#.......#####...####
##....###.#...................
#...†.........###############.
#.....###.###.#####.. ..##.
#.....#......@......# #.##.
#.....#######.########## #.##.
####.....### #g# #...# #.##.
.........#.# #g# #...# #.##.
####.....#.#####g######...###.###
......................'..........
.###+###.........######...###.###
.# #.# #..######## #...# #.# .
.###.###..# #...# #.# #


You could see 3 gnolls.

Vanquished Creatures
  An adder (D:1)
  An ooze (D:1)
  A worm (D:2)
  4 dart slugs
  3 leopard geckos
  2 ball pythons
  4 bats (D:1)
  3 giant cockroaches
  6 goblins
  8 hobgoblins
  A quokka (D:3)
  6 frilled lizards
  7 kobolds
  11 rats
58 creatures vanquished.

Notes
Turn   | Place    | Note
-------+----------+-------------------------------------------
     0 | D:1      | dickylongcocking the Octopode Venom Mage began the quest
                  | for the Orb.
     0 | D:1      | Reached XP level 1. HP: 11/11 MP: 3/3
   322 | D:1      | Reached XP level 2. HP: 2/17 MP: 0/5
   623 | D:1      | Reached skill level 4 in Poison Magic
  1199 | D:1      | Reached XP level 3. HP: 17/21 MP: 2/6
  1853 | D:1      | Learned a level 3 spell: Ignite Poison
  1864 | D:1      | Reached skill level 5 in Poison Magic
  2302 | D:2      | Found an ornate altar of the Wu Jian Council.
  2356 | D:2      | Reached XP level 4. HP: 26/27 MP: 7/7
  2427 | D:2      | Found a glowing silver altar of Zin.
  2550 | D:3      | Learned a level 2 spell: Poisonous Vapours
  2712 | D:3      | Found a faded altar of an unknown god.
  3188 | D:2      | Mangled by a gnoll

Illustrated notes

Levels and vault maps discovered:
D:1:      onia_arrival_pyramid, layout_basic, serial_park_tiny_2, minmay_vboxes
D:2:      layout_basic, pdpol_wu_jian_five_deadly_venoms, lemuel_doored_altar
D:3:      layout_loops_cross, chequers_ecumenical_altar_simple_redux,
          minmay_curled_crystal, minivault_25

Skill      XL: |  1  2  3 |
---------------+----------+-----
Stealth        | 3 |  3.0
Poison Magic   | 4 5 |  5.2
Short Blades   | |  0.9
Dodging        | |  2.0
Spellcasting   | |  2.6
Transmutations | |  1.0

Action                   |  1- 3 |  4- 6 || total
-------------------------+-------+-------++-------
Melee: Unarmed           |     7 |       ||     7
       Constrict         |    21 |    10 ||    31
       Tentacles         |     6 |     4 ||    10
       Dagger            |    28 |       ||    28
       Short sword       |    28 |    32 ||    60
 Cast: Sting             |    33 |    11 ||    44
       Ignite Poison     |     1 |       ||     1
  Use: Scroll            |     2 |     2 ||     4
 Stab: Sleeping          |     3 |     5 ||     8
Armor: Skin              |     7 |     1 ||     8
Dodge: Dodged            |    57 |    21 ||    78

Table legend: (Time is in decaauts)
 A = Elapsed time spent in this place.
 B = Non-inter-level travel time spent in this place.
 C = Inter-level travel time spent in this place.
 D = Time resting spent in this place.
 E = Time spent auto-exploring this place.
 F = Levels seen in this place.
 G = Mean time per level.
                   A        B        C        D        E       F      G
               +--------+--------+--------+--------+--------+-----+--------+
         Total |   3193 |   3081 |    112 |    918 |   1690 |   3 | 1064.3 |
       Dungeon |   3193 |   3081 |    112 |    918 |   1690 |   3 | 1064.3 |
               +--------+--------+--------+--------+--------+-----+--------+

Top non-repeatable levels by time:
     D:1: 1921 daAuts
     D:2: 953 daAuts
     D:3: 318 daAuts
